Map: Alcyone LE

Players

jeannysu

  • Race: Zerg Zerg
  • Spawn Location: 7:00

치터 칸 (자원) - Winner!

  • Race: Terran Terran
  • Spawn Location: 1:00

VOD

Have the link to the VOD?

Description

Time

  • Played on: Sept. 16, 2025, 10:19 a.m.
  • Length: 3:30
Show
View Real Time Build Order
Export as new Build Order

jeannysu Zerg 

Build Orders: Hatch First 

Get SALT Encoding   

  12  0:00  Drone  
  13  0:12  Overlord  
  13  0:16  Drone  
  14  0:30  Drone x2  
  16  0:48  Hatchery  
  16  0:49  Drone  
  16  0:52  Drone  
  16  0:56  Drone  
  18  1:06  Extractor  
  17  1:11  Spawning Pool  
  17  1:14  Drone  
  17  1:18  Drone  
  18  1:27  Drone  
  19  1:42  Drone  
  20  1:58  Queen  
  20  1:59  Zergling x2, Queen  
  25  2:01  Zergling x2  
  25  2:02  Drone  
  27  2:10  Overlord  
  27  2:11  Drone  
  28  2:28  Drone  
  28  2:29  Drone  
  30  2:35  Drone x2  
  32  2:39  Queen  
  34  2:49  Hatchery  
  33  2:52  Drone  
  33  2:57  Drone x2  
  35  3:08  Baneling Nest  
  35  3:11  Drone  
Show
View Real Time Build Order
Export as new Build Order

치터 칸 (자원) Terran - Winner!

Build Orders:  

Get SALT Encoding   

  12  0:00  SCV  
  13  0:13  SCV  
  14  0:19  Supply Depot  
  14  0:25  SCV  
  15  0:40  SCV  
  15  0:41  Barracks  
  16  0:52  SCV  
  17  1:05  SCV  
  18  1:16  Supply Depot  
  18  1:17  SCV  
  19  1:21  Refinery  
  19  1:29  Marine, SCV  
  21  1:41  SCV  
  21  1:47  Marine  
  22  1:49  Refinery  
  22  1:53  SCV  
  24  2:04  Marine  
  24  2:05  SCV  
  26  2:17  SCV  
  26  2:21  Factory  
  26  2:22  Marine  
  27  2:29  SCV  
  29  2:37  Barracks  
  29  2:40  Marine  
  29  2:41  SCV  
  31  2:44  Supply Depot  
  31  2:54  Orbital Command  
  31  2:58  Barracks Tech Lab  
  31  3:03  Supply Depot  
  31  3:07  Starport  
Tags
 
Matchup
TvZ
Replay Pack
새 폴더
Spawn Locations
Cross Positions
Add a new tag
Caveats
  • Supply blocks, unpowered buildings, or Contaminate may cause inaccurate times.
  • Supply counts are checked every 10 seconds.